 Dungeon Crawl Stone Soup version 0.31-a0-924-ge39a22a033 (webtiles) character file.

Game seed: 12500056615769876911

3853 Pixllover the Cleaver (level 9, -5/71 HPs)
             Began as a Demonspawn Monk on Oct 18, 2023.
             Was a High Priest of Qazlal.
             Slain by a death yak (16 damage)
             ... on level 9 of the Dungeon.
             The game lasted 00:15:38 (8999 turns).

Pixllover the Cleaver (Demonspawn Monk)             Turns: 8999, Time: 00:15:39

Health: -5/71      AC: 21    Str: 15    XL:     9   Next: 99%
Magic:  9/9        EV:  9    Int: 12    God:    Qazlal [*****.]
Gold:   517        SH:  6    Dex: 16    Spells: 8/8 levels left

rFire   . . .        J - +0 battleaxe
rCold   . . .        (shield currently unavailable)
rNeg    . . .        u - +0 chain mail
rPois   .            I - +0 helmet
rElec   .            (no cloak)
rCorr   +            p - +0 pair of gloves
SInv    .            b - +0 pair of boots
Will    +....        (no amulet) Stlth
                     l - ring of willpower
HPRegen 0.31/turn    (no ring)
MPRegen 0.11/turn

%: repel missiles
@: protected from physical damage
A: yellow scales 3, spiny 1
a: Renounce Religion, Upheaval, Elemental Force, Disaster Area


You were on level 9 of the Dungeon.
You worshipped Qazlal.
Qazlal was extremely pleased with you.
You visited 1 branch of the dungeon, and saw 9 of its levels.
You also visited: Sewer and Ossuary.

You collected 517 gold pieces.

Inventory:

Hand Weapons
 v - a +0 war axe
 J - a +0 battleaxe (weapon)
Missiles
 H - 9 poisoned darts (quivered)
Armour
 b - a +0 pair of boots (worn)
 d - an orb of light
 p - a +0 pair of gloves (worn)
 u - a +0 chain mail (worn)
 I - a +0 helmet (worn)
Jewellery
 l - a ring of willpower (left hand)
 o - a ring of fire
 F - a ring of flight
Wands
 k - a wand of paralysis (10)
 y - a wand of flame (22)
 K - a wand of digging (5)
Scrolls
 e - 2 scrolls of vulnerability
 g - 5 scrolls of teleportation
 h - a scroll of immolation {unknown}
 j - 2 scrolls of fog {unknown}
 n - 3 scrolls of enchant armour
 s - 3 scrolls of revelation
 x - a scroll of enchant weapon {unknown}
 D - a scroll of blinking {unknown}
 E - a scroll of amnesia {unknown}
Potions
 a - a potion of magic {unknown}
 c - a potion of ambrosia
 f - 4 potions of enlightenment
 i - 6 potions of heal wounds
 m - 2 potions of degeneration {unknown}
 q - 2 potions of might
 r - 3 potions of haste {unknown}
 t - 7 potions of curing
 w - a potion of resistance {unknown}
 z - a potion of mutation {unknown}
 A - a potion of lignification {unknown}
 B - 2 potions of cancellation {unknown}
 C - 2 potions of brilliance {unknown}
 G - 4 potions of attraction {unknown}


   Skills:
 + Level 6.4 Fighting
 + Level 9.3 Axes
 + Level 6.2 Armour
 + Level 4.5 Dodging
 + Level 1.6 Stealth
 + Level 2.9 Shields


You had 8 spell levels left.
You didn't know any spells.
Your spell library contained the following spells:

 Spells                   Type           Power      Damage    Failure   Level
 Sting                    Tmut/Pois      0%         1d3       98%         1
 Lesser Beckoning         Tloc           0%         N/A       99%         2
 Gell's Gravitas          Tloc           0%         N/A       100%        3
 Teleport Other           Tloc           0%         N/A       100%        3


Dungeon Overview and Level Annotations

Branches:
Dungeon (9/15)             Temple (0/1) D:7           Sewer (visited)
Ossuary (visited)
   Lair: D:8-11         Orc: D:9-12

Altars:
Dithmenos
Gozag
Hepliaklqana
Qazlal
Ru

Shops:
D:1 [=*   D:2 (   D:5 *


Innate Abilities, Weirdness & Mutations

You are completely covered in yellow scales. (AC +4, rCorr)
You are partially covered in sharp spines.


Message History

You hit the death yak but do no damage.
The death yak gores you but does no damage.
The death yak snorts and paws the ground.
You slice the death yak!!
The death yak is moderately wounded.
The death yak gores you but does no damage.
The death yak misses you.
You hit the death yak but do no damage.
The death yak is moderately wounded.
The death yak is struck by your spines. The death yak gores you!
You hit the death yak but do no damage.
The death yak is moderately wounded.
The death yak is struck by your spines. The death yak barely misses you.
The death yak attacks as it pursues you!
The death yak is struck by your spines. The death yak gores you!!
You feel protected from physical attacks.
You hit the death yak.
The death yak is heavily wounded.
The death yak is struck by your spines.
The death yak gores you but does no damage.
You slash the death yak!
The death yak is severely wounded.
The death yak gores you. You block the death yak's attack.
You barely miss the death yak.
The death yak is severely wounded.
The death yak gores you.
You hit the death yak.
The death yak is severely wounded.
The death yak is struck by your spines. The death yak gores you!
* * * LOW HITPOINT WARNING * * *
You feel more protected from physical attacks.
You hit the death yak but do no damage.
The death yak is severely wounded.
The death yak gores you.
* * * LOW HITPOINT WARNING * * *
You feel more protected from physical attacks.
You barely miss the death yak.
The death yak is severely wounded.
The death yak gores you!
You die...

#.........# .#
#.#.#...#.#
.#.#.#<#....#.#
#.#.#.#.##..#.#
.#.#.#.#.#..#.#
.#.#.#.# ##..#.#
#.#.#.#.# #..#.#
#.#.#.#.#####.#
#.#.#.#.#YY@...#
.# #.#.#Y#######
#Y#.#r# #.#Y##
#.#.#.# #.#r#.##
#.#r#.#.#
#.#.#.# ##
.#.#.#


You could see 3 death yaks.

Vanquished Creatures
  Pikel (D:7)
  A hornet (D:8)
  A wyvern (D:8)
  A wraith (Ossuary)
  The ghost of dertzug the Ruffian, an amateur DrSh of Cheibriados (D:4)
  2 water moccasins
  2 orc warriors
  An ice beast (D:7)
  2 sky beasts
  An ogre (D:7)
  2 centaurs
  2 lemures (D:7)
  2 kobold brigands
  A bullfrog (D:7)
  2 scorpions
  8 wights
  5 killer bees (D:8)
  A howler monkey (D:7)
  A crimson imp (D:6)
  2 jellies
  2 hounds
  2 human zombies (Ossuary)
  4 iguanas
  3 orc priests
  2 sleepcaps
  3 orc wizards
  3 mummies (Ossuary)
  7 adders
  4 river rats
  5 white imps
  9 worms
  3 dart slugs (D:2)
  18 orcs
  7 bats
  6 endoplasms
  4 giant cockroaches
  4 goblins
  8 hobgoblins
  3 jackals
  14 kobolds
  5 quokkas
  9 ball pythons
  3 frilled lizards
  2 goblin zombies (Ossuary)
  3 hobgoblin zombies (Ossuary)
  2 kobold zombies (Ossuary)
  6 rats
180 creatures vanquished.

Notes
Turn   | Place    | Note
-------+----------+-------------------------------------------
     0 | D:1      | Pixllover the Demonspawn Monk began the quest for the Orb.
     0 | D:1      | Reached XP level 1. HP: 18/18 MP: 1/1
    82 | D:1      | Found Giawkysm's Antique Armour Emporium.
    84 | D:1      | Found Cepu's Jewellery Shoppe.
   163 | D:1      | Found Xegread Zeo's General Store.
   463 | D:1      | Gained mutation: You are partially covered in yellow
                  | scales. (AC +2) [demonic ancestry]
   463 | D:1      | Reached XP level 2. HP: 24/24 MP: 2/2
   921 | D:2      | Reached skill level 3 in Axes
  1042 | D:2      | Reached XP level 3. HP: 21/29 MP: 3/3
  1458 | D:2      | Reached XP level 4. HP: 24/37 MP: 4/4
  1538 | D:2      | Found Moyrip's Antique Weapon Boutique.
  2046 | D:3      | Identified the "Izxargh"
  2622 | D:3      | Found a faded altar of an unknown god.
  2640 | D:3      | Prayed at the altar of an unknown god.
  2640 | D:3      | Became a worshipper of Qazlal Stormbringer
  2640 | D:3      | Reached * piety under Qazlal
  2640 | D:3      | Reached ** piety under Qazlal
  3237 | D:4      | Found a runed translucent door.
  3246 | D:4      | Noticed dertzug's ghost (amateur DrSh)
  3280 | D:4      | Killed dertzug's ghost
  3281 | D:4      | Reached skill level 4 in Axes
  3281 | D:4      | Gained mutation: You are partially covered in sharp spines.
                  | [demonic ancestry]
  3281 | D:4      | Reached XP level 5. HP: 5/42 MP: 5/5
  3577 | D:4      | Reached *** piety under Qazlal
  3719 | D:4      | Reached XP level 6. HP: 47/48 MP: 6/6
  4109 | D:5      | Entered Level 5 of the Dungeon
  4116 | D:5      | Found an opulent altar of Gozag.
  4121 | D:5      | Found Gozag's Platinum Reserve.
  4245 | D:5      | Found a glowing drain.
  4284 | D:5      | Reached skill level 1 in Armour
  4287 | Sewer    | Entered a sewer
  4308 | Sewer    | Reached skill level 5 in Axes
  4762 | D:5      | Noticed a water moccasin
  4768 | D:5      | Killed a water moccasin
  4769 | D:5      | Gained mutation: You are mostly covered in yellow scales.
                  | (AC +3) [demonic ancestry]
  4769 | D:5      | Reached XP level 7. HP: 37/55 MP: 7/7
  5339 | D:6      | Reached skill level 1 in Stealth
  5535 | D:6      | Reached skill level 1 in Shields
  5551 | D:6      | Reached skill level 6 in Axes
  5582 | D:6      | Gained mutation: You are completely covered in yellow
                  | scales. (AC +4, rCorr) [demonic ancestry]
  5582 | D:6      | Reached XP level 8. HP: 8/61 MP: 8/8
  5603 | D:6      | HP: 1/61 [wight/+3 flail (6)]
  6410 | D:7      | Reached **** piety under Qazlal
  6415 | D:7      | Found a staircase to the Ecumenical Temple.
  6458 | D:7      | Found a sand-covered staircase.
  6492 | Ossuary  | Entered an ossuary
  6683 | Ossuary  | Reached skill level 5 in Fighting
  6683 | Ossuary  | Reached skill level 7 in Axes
  7300 | D:7      | Found a shadowy altar of Dithmenos.
  7534 | D:7      | Noticed Pikel
  7550 | D:7      | Killed Pikel
  7551 | D:7      | Reached skill level 8 in Axes
  7551 | D:7      | Reached skill level 5 in Armour
  7551 | D:7      | Reached XP level 9. HP: 35/68 MP: 9/9
  8205 | D:8      | Reached skill level 9 in Axes
  8457 | D:8      | Reached ***** piety under Qazlal
  8700 | D:8      | Found a sacrificial altar of Ru.
  8887 | D:8      | Found a hazy altar of Hepliaklqana.
  8981 | D:9      | Noticed a death yak
  8983 | D:9      | Noticed a death yak
  8986 | D:9      | Noticed a death yak
  8999 | D:9      | Slain by a death yak

Illustrated notes

Levels and vault maps discovered:
D:1:      spicycebolla_green_bress_n_ham, layout_loops_corners, serial_shops,
          shop, shop, nicolae_shop_tiny_glass
D:2:      layout_basic, serial_shops, nicolae_shop_back_alley_shop,
          hangedman_glass_teeth
D:3:      layout_basic, shapermc_ecumenical_altar_rom_forum,
          minmay_misc_feat_plants, minmay_box_of_dots
D:4:      layout_basic, hellmonk_ghost_happy_afterlife, hangedman_decor_push,
          chequers_serial_rivers_micro_c, kennysheep_dice
D:5:      layout_loops_ring, old_standard_altar,
          nicolae_gozag_zags_fifth_avenue, portal_sewer_entry_a
D:6:      layout_gridville, minmay_misc_feat_alley,
          corexii_item_surrounded_by_moat,
          nicolae_concentric_dashed_squares_wild, minmay_fire_ice_demons
D:7:      layout_gridville, nicolae_dithmenos_the_darkroom,
          minmay_temple_entry_mini_moons, nicolae_ossuary_entry_ruins,
          hangedman_abyss_or_decor_stagger, uniq_pikel
D:8:      layout_loops_ring, nicolae_overflow_crystal_walls,
          nicolae_ru_the_path_less_chosen, zin_statuary
D:9:      layout_basic, vehumet_statue, general_overflow_altar,
          marbit_many_paths, dpeg_lair_monsters

Skill      XL: |  1  2  3  4  5  6  7  8  9 |
---------------+----------------------------+-----
Axes           | 3 4 5 6 8 9 |  9.3
Dodging        | 3 4 |  4.5
Fighting       | 4 5 6 |  6.4
Armour         | 2 3 5 6 |  6.2
Stealth        | 1 |  1.6
Shields        | 1 2 |  2.9

Action                     |  1- 3 |  4- 6 |  7- 9 || total
---------------------------+-------+-------+-------++-------
  Melee: Hand axe          |   100 |   229 |     9 ||   338
         War axe           |       |       |   181 ||   181
         Battleaxe         |       |       |    47 ||    47
    Use: Scroll            |       |       |     5 ||     5
 Armour: Robe              |    59 |    81 |       ||   140
         Ring mail         |       |    61 |       ||    61
         Chain mail        |       |     3 |   238 ||   241
  Dodge: Dodged            |    60 |   166 |    93 ||   319
  Block: Orb               |       |    27 |    35 ||    62
         Other             |       |       |    16 ||    16

Table legend: (Time is in decaauts)
 A = Elapsed time spent in this place.
 B = Non-inter-level travel time spent in this place.
 C = Inter-level travel time spent in this place.
 D = Time resting spent in this place.
 E = Time spent auto-exploring this place.
 F = Levels seen in this place.
 G = Mean time per level.
                   A        B        C        D        E       F      G
               +--------+--------+--------+--------+--------+-----+--------+
         Total |   9108 |   8903 |    205 |    965 |   5470 |  11 |  828.0 |
       Dungeon |   8250 |   8045 |    205 |    846 |   5049 |   9 |  916.7 |
         Sewer |    362 |    362 |      0 |    119 |    128 |   1 |  362.0 |
       Ossuary |    495 |    495 |      0 |      0 |    293 |   1 |  495.0 |
               +--------+--------+--------+--------+--------+-----+--------+

Top non-repeatable levels by time:
     D:2: 1176 daAuts
     D:8: 1103 daAuts
     D:6: 1087 daAuts
     D:4: 1051 daAuts
     D:3: 1023 daAuts
     D:7: 1008 daAuts
     D:1: 889 daAuts
     D:5: 862 daAuts
 Ossuary: 495 daAuts
   Sewer: 362 daAuts
     D:9: 46 daAuts
